 Dungeon Crawl Stone Soup version 0.18.1-8-gdd0e5ea (webtiles) character file.

933 Krapule the Gusty (level 8, -4/41 HPs)
             Began as a Tengu Air Elementalist on June 12, 2016.
             Killed from afar by Blork the orc (9 damage)
             ... with a puff of frost
             ... on level 5 of the Dungeon.
             The game lasted 00:29:01 (4595 turns).

Krapule the Gusty (Tengu Air Elementalist)          Turns: 4595, Time: 00:29:02

Health: -4/41      AC: 10    Str:  8 (9)  XL:     8   Next: 11%
Magic:  14/14      EV: 13    Int: 20 (21) God:
Gold:   283        SH:  6    Dex: 14      Spells: 1 memorised, 13 levels left

rFire  . . .     SeeInvis .     t - +3 morningstar (protect)
rCold  . . .     Gourm    .     a - +0 robe
rNeg   . . .     Faith    .     p - +3 buckler
rPois  .         Spirit   .     (helmet restricted)
rElec  .         Dismiss  .     y - +0 cloak
rCorr  .         Reflect  .     (no gloves)
SustAt .         Harm     .     (boots unavailable)
MR     .....                    m - amulet of magic regeneration
Stlth  ++........               q - +3 ring of intelligence
                                r - +2 ring of protection

@: not resistant to hostile enchantments, unstealthy
A: beak, talons 3, able to fly 1
a: Fly


You were on level 5 of the Dungeon.
You were hungry.

You visited 1 branch of the dungeon, and saw 5 of its levels.

You collected 283 gold pieces.

Inventory:

Hand Weapons
 t - a +3 morningstar of protection (weapon)
Armour
 a - a +0 robe (worn)
 p - a +3 buckler (worn)
 y - a +0 cloak (worn)
Jewellery
 m - an amulet of magic regeneration (around neck)
 q - a +3 ring of intelligence (right hand)
 r - a +2 ring of protection (left hand)
Scrolls
 f - a scroll of fog
 g - 2 scrolls of identify
 h - 2 scrolls of remove curse
 j - 4 scrolls of enchant armour
Potions
 e - a potion of magic
 k - 2 potions of flight
 n - a potion of ambrosia
 o - 2 potions of brilliance
 u - a potion of agility
Books
 b - a book of Air

   Spells                             Type                      Level
   a - Shock                          Conjuration/Air              1
   b - Swiftness                      Charms/Air                   2
   c - Repel Missiles                 Charms/Air                   2
   d - Static Discharge               Conjuration/Air              3
   e - Lightning Bolt                 Conjuration/Air              5
 d - a book of Frost

   Spells                             Type                      Level
   a - Freeze                         Ice                          1
   b - Throw Frost                    Conjuration/Ice              2
   c - Ozocubu's Armour               Charms/Ice                   3
   d - Throw Icicle                   Conjuration/Ice              4
   e - Summon Ice Beast               Ice/Summoning                4
Comestibles
 c - 3 bread rations
 i - a beef jerky
 l - 2 meat rations


   Skills:
 + Level 4.7 Dodging
 - Level 2.0 Stealth
 + Level 3.9 Spellcasting
 * Level 6.8 Conjurations
 * Level 7.7 Air Magic


You had 13 spell levels left.
You knew the following spells:

 Your Spells              Type           Power        Failure   Level  Hunger
a - Shock                 Conj/Air       ####         1%          1    None


Dungeon Overview and Level Annotations

Branches:
Dungeon (5/15)
 Temple: D:4-7

Altars:
Cheibriados
Dithmenos
Makhleb
Pakellas
Qazlal
Ru
Yredelemnul

Annotations:
D:3 Sigmund
D:4 Edgemaster's ghost, amateur TeVM
D:5 Blork the orc; Prince Ribbit


Innate Abilities, Weirdness & Mutations

You have a beak for a mouth.
You have claws for feet.
You can fly.


Message History

Blork the orc is severely wounded.
The zap hits Blork the orc.
Blork the orc is almost dead.
Blork the orc gestures at you while chanting.
The puff of flame misses you.
Blork the orc casts a spell.
Blork the orc flickers and vanishes!
Deactivating autopickup; reactivate with Ctrl-A.
Casting: Shock
Confirm with . or Enter, or press ? or * to list all spells.
You can't see any susceptible monsters within range! (Use Z to cast anyway.)
You barely miss something. You peck something.
You hear some strange, mumbled words.
A puff of flame appears from out of thin air!
The puff of flame hits you!
* * * LOW HITPOINT WARNING * * *
You hear some strange, mumbled words.
A puff of frost appears from out of thin air!
The puff of frost hits you!
You die...

.#..###.###..#
.#..###<.[...#
.............#
##.#.##.####.######
..................#
#.......####.###.##
####.....# #.# #.#
#.###.# #.# #.#
####.###.###.# #@#
..........##.###.#
.###.............#
.# #.####.########
.# #.# #.# .# #.#
#.# ## #.# #.# #.#
#.# #.# #.#


There were no monsters in sight!

Vanquished Creatures
  Grinder (D:5)
  A water moccasin (D:5)
  An ogre (D:5)
  A giant frog (D:4)
  A scorpion (D:5)
  2 howler monkeys (D:5)
  2 orc priests
  A hound (D:4)
  An orc wizard (D:4)
  3 worker ant zombies
  8 gnolls (D:3)
  3 adders (D:2)
  A shadow imp (D:3)
  An adder skeleton (D:5)
  4 worms
  A dart slug (D:1)
  4 giant geckos
  11 orcs
  10 giant cockroaches
  5 goblins
  6 hobgoblins
  11 jackals
  3 quokkas
  A ball python (D:3)
  9 bats
  5 giant newts
  9 kobolds
  5 rats
111 creatures vanquished.

Vanquished Creatures (others)
  A ball python (D:2)
1 creature vanquished.

Grand Total: 112 creatures vanquished

Notes
Turn   | Place    | Note
--------------------------------------------------------------
     0 | D:1      | Krapule the Tengu Air Elementalist began the quest for the Orb.
     0 | D:1      | Reached XP level 1. HP: 10/10 MP: 4/4
    17 | D:1      | Found a snail-covered altar of Cheibriados.
   214 | D:1      | Reached XP level 2. HP: 15/15 MP: 1/6
   696 | D:1      | Reached XP level 3. HP: 17/19 MP: 0/7
   947 | D:2      | Found a shadowy altar of Dithmenos.
  1220 | D:2      | Reached XP level 4. HP: 21/24 MP: 6/8
  1891 | D:2      | Found a stormy altar of Qazlal.
  2003 | D:3      | Found an oddly glowing altar of Pakellas.
  2013 | D:3      | Gained mutation: You can fly. [Tengu growth]
  2013 | D:3      | Reached XP level 5. HP: 28/28 MP: 5/10
  2094 | D:3      | Found a burning altar of Makhleb.
  2194 | D:3      | Reached skill level 5 in Air Magic
  2216 | D:3      | Noticed Sigmund
  2340 | D:3      | Found a basalt altar of Yredelemnul.
  2460 | D:4      | Reached XP level 6. HP: 20/32 MP: 5/11
  2474 | D:4      | Noticed Edgemaster's ghost (amateur TeVM)
  2580 | D:5      | Entered Level 5 of the Dungeon
  2587 | D:5      | Reached skill level 5 in Conjurations
  2826 | D:5      | Noticed a water moccasin
  2857 | D:5      | Reached skill level 6 in Air Magic
  3020 | D:3      | Reached XP level 7. HP: 36/36 MP: 6/13
  3635 | D:5      | Noticed Prince Ribbit
  3663 | D:4      | Gained mutation: Your spells are a little harder to cast, but a little more powerful. [potion of mutation]
  3663 | D:4      | Gained mutation: You are partially covered in molten scales (AC +1). [potion of mutation]
  3663 | D:4      | Gained mutation: Scrolls take you a little longer to read. [potion of mutation]
  3667 | D:4      | Lost mutation: Your spells are a little harder to cast, but a little more powerful. [potion of cure mutation]
  3667 | D:4      | Lost mutation: Scrolls take you a little longer to read. [potion of cure mutation]
  3667 | D:4      | Lost mutation: You are partially covered in molten scales (AC +1). [potion of cure mutation]
  3866 | D:4      | Found a burning altar of Makhleb.
  4045 | D:5      | Reached skill level 7 in Air Magic
  4189 | D:5      | Found a snail-covered altar of Cheibriados.
  4192 | D:5      | Found a sacrificial altar of Ru.
  4366 | D:5      | Noticed Grinder
  4378 | D:5      | Killed Grinder
  4378 | D:5      | Reached XP level 8. HP: 41/41 MP: 8/14
  4553 | D:5      | Noticed Blork the orc
  4595 | D:5      | Killed from afar by Blork the orc

Skill      XL: |  1  2  3  4  5  6  7 |
---------------+----------------------+-----
Conjurations   | 2 3 4 5 6 |  6.8
Dodging        | 3 4 |  4.7
Air Magic      | 5 6 7 |  7.7
Spellcasting   | 3 |  3.9
Stealth        | |  2.0

Action                   |  1- 3 |  4- 6 |  7- 9 || total
-------------------------+-------+-------+-------++-------
Melee: Kick              |     1 |     8 |    16 ||    25
       Peck              |     1 |     4 |     9 ||    14
       Unarmed           |     1 |       |       ||     1
       Short sword       |     6 |    18 |       ||    24
       Morningstar       |       |    32 |    56 ||    88
 Cast: Shock             |    72 |    97 |    45 ||   214
  Use: Scroll            |       |     9 |     3 ||    12
       Potion            |       |       |     5 ||     5
 Stab: Distracted        |       |     1 |       ||     1
       Sleeping          |       |       |     1 ||     1
  Eat: Chunk             |     2 |     5 |     5 ||    12
Armor: Robe              |     4 |    19 |    27 ||    50
Dodge: Dodged            |    12 |    32 |    44 ||    88
Block: Buckler           |     2 |    19 |    33 ||    54
